 Dungeon Crawl Stone Soup version 0.31-a0-1278-g11c5b68f87 (webtiles) character file.

Game seed: 4098419459551206937

1048 Darkkill the Shooter (level 8, -3/70 HPs)
             Began as a Minotaur Hunter on Dec 18, 2023.
             Was an Initiate of Gozag.
             Slain by a lemure (5 damage)
             ... led by Pikel
             ... on level 6 of the Dungeon.
             The game lasted 00:07:52 (3948 turns).

Darkkill the Shooter (Minotaur Hunter)              Turns: 3948, Time: 00:07:53

Health: -3/70      AC:  5    Str: 15    XL:     8   Next: 5%
Magic:  7/7        EV: 14    Int:  6    God:    Gozag
Gold:   440        SH:  0    Dex: 17    Spells: 7/7 levels left

rFire   . . .        a - +2 arbalest (flame)
rCold   . . .        (shield currently unavailable)
rNeg    . . .        c - +1 leather armour
rPois   .            (helmet restricted)
rElec   .            (no cloak)
rCorr   .            (no gloves)
SInv    .            m - +0 pair of boots
Will    .....        j - amulet of regeneration
Stlth   +++          (no ring)
HPRegen 1.11/turn    (no ring)
MPRegen 0.10/turn

%: no passive effects
@: no status effects
A: horns 2, retaliatory headbutt
a: Renounce Religion, Potion Petition, Call Merchant, Bribe Branch


You were on level 6 of the Dungeon.
You worshipped Gozag.
Gozag was aware of your devotion.
You visited 2 branches of the dungeon, and saw 7 of its levels.

You collected 1271 gold pieces.
You spent 249 gold pieces at shops.
You paid 582 gold pieces to Gozag.

Inventory:

Hand Weapons
 a - a +2 arbalest of flaming (weapon)
 b - a +0 great sword
Missiles
 g - 37 stones
 h - 2 javelins
 s - 8 poisoned darts
 u - 2 throwing nets {=f !f}
 v - 5 boomerangs
Armour
 c - a +1 leather armour (worn)
 m - a +0 pair of boots (worn)
 r - a scarf of repulsion
Jewellery
 j - an amulet of regeneration (around neck)
Wands
 p - a wand of charming (17)
 q - a wand of flame (2)
Scrolls
 e - 5 scrolls of identify {@r1}
 i - a scroll of teleportation
 l - a scroll of butterflies
 o - a scroll of fog
Potions
 f - a potion of might
 k - 2 potions of haste


   Skills:
 + Level 6.1 Fighting
 + Level 6.7 Ranged Weapons
 + Level 5.5 Dodging
 + Level 4.2 Stealth


You had 7 spell levels left.
You didn't know any spells.
Your spell library contained the following spells:

 Spells                   Type           Power      Damage    Failure   Level
 Apportation              Tloc           0%         N/A       52%         1
 Ensorcelled Hibernation  Hex/Ice        0%         N/A       67%         2
 Jinxbite                 Hex            0%         N/A       67%         2
 Lesser Beckoning         Tloc           0%         N/A       67%         2
 Passwall                 Tmut/Erth      0%         N/A       67%         2
 Gell's Gravitas          Tloc           0%         N/A       88%         3
 Ozocubu's Armour         Ice            0%         N/A       88%         3
 Swiftness                Air            0%         N/A       88%         3
 Teleport Other           Tloc           0%         N/A       88%         3
 Anguish                  Hex/Necr       0%         N/A       99%         4
 Leda's Liquefaction      Tmut/Erth      0%         N/A       99%         4
 Alistair's Intoxication  Tmut/Pois      0%         N/A       100%        5
 Lee's Rapid Deconstruct  Erth           0%         3d4*      100%        5
 Bombard                  Conj/Erth      0%         9d1       100%        6
 Ozocubu's Refrigeration  Ice            0%         4d7       100%        7
 Chain Lightning          Conj/Air       0%         N/A       100%        9
 Fire Storm               Conj/Fire      0%         5d1       100%        9
 Shatter                  Erth           0%         3d5*      100%        9


Dungeon Overview and Level Annotations

Branches:
Dungeon (6/15)             Temple (1/1) D:6

Altars:
Ashenzari
Cheibriados
Elyvilon
Gozag
Hepliaklqana
Kikubaaqudgha
Makhleb
Nemelex Xobeh
Okawaru
Sif Muna
Trog
Uskayaw
Vehumet
Wu Jian
Xom
Zin
The Shining One

Shops:
D:5 *=?[   D:6 (

Annotations:
D:4 1 runed translucent door, Crazy Yiuf
D:6 Pikel


Innate Abilities, Weirdness & Mutations

You have a pair of horns on your head.
You reflexively headbutt those who attack you in melee.


Message History

You shoot a bolt. The bolt hits the lemure.
The bolt burns the lemure.
The lemure is heavily wounded.
The lemure barely misses you. Pikel closely misses you.
The lemure closely misses you. Pikel barely misses you.
Fire: a) +2 arbalest (flame)
Press: ? - help, Q - select action, (/) - cycle Shift-Dir - straight line, f/p - lemure
Aim: a lemure (heavily wounded, 58% to hit)
You shoot a bolt. The bolt hits the lemure.
The bolt burns the lemure.
The lemure is heavily wounded.
The lemure hits you but does no damage. Pikel barely misses you.
Fire: a) +2 arbalest (flame)
Press: ? - help, Q - select action, (/) - cycle Shift-Dir - straight line, f/p - lemure
Aim: a lemure (heavily wounded, 58% to hit)
You shoot a bolt. The bolt hits the lemure.
The bolt burns the lemure.
The lemure is severely wounded.
The lemure barely misses you. You furiously retaliate!
You headbutt the lemure.
Pikel hits you with a +0 whip of flaming!
Pikel burns you. The lemure hits you! Pikel closely misses you.
Fire: a) +2 arbalest (flame)
Press: ? - help, Q - select action, (/) - cycle Shift-Dir - straight line, f/p - lemure
Aim: a lemure (almost dead, 58% to hit)
You shoot a bolt. The bolt hits the lemure.
The bolt burns the lemure.
The lemure is almost dead.
The lemure hits you. Pikel barely misses you.
Pikel hits you with a +0 whip of flaming!
Pikel burns you. The lemure hits you.
Fire: a) +2 arbalest (flame)
Press: ? - help, Q - select action, (/) - cycle Shift-Dir - straight line, f/p - lemure
Aim: a lemure (almost dead, 58% to hit)
Okay, then.
Fire: a) +2 arbalest (flame)
Press: ? - help, Q - select action, (/) - cycle Shift-Dir - straight line, f - Pikel, p - lemure
Aim: Pikel, wielding a +0 whip of flaming and wearing a +0 robe (lightly wounded, 58% to hit)
You shoot a bolt. The bolt hits Pikel!
The bolt burns Pikel.
Pikel is moderately wounded.
The lemure hits you.
Pikel hits you with a +0 whip of flaming.
Pikel burns you.
Fire: a) +2 arbalest (flame)
Press: ? - help, Q - select action, (/) - cycle Shift-Dir - straight line, f/p - Pikel
Aim: Pikel, wielding a +0 whip of flaming and wearing a +0 robe (moderately wounded, 58% to hit)
You shoot a bolt. The bolt barely misses Pikel.
The lemure misses you. You furiously retaliate!
You headbutt the lemure!
You kill the lemure!
That felt strangely unrewarding.
Pikel hits you with a +0 whip of flaming.
* * * LOW HITPOINT WARNING * * *
Pikel burns you.
* * * LOW HITPOINT WARNING * * *
Pikel hits you with a +0 whip of flaming.
* * * LOW HITPOINT WARNING * * *
Pikel burns you.
* * * LOW HITPOINT WARNING * * *
You feel better. The lemure hits you but does no damage.
Pikel hits you with a +0 whip of flaming.
* * * LOW HITPOINT WARNING * * *
Pikel burns you.
* * * LOW HITPOINT WARNING * * *
You feel better. The lemure barely misses you. You furiously retaliate!
You headbutt the lemure!
Pikel hits you with a +0 whip of flaming.
* * * LOW HITPOINT WARNING * * *
Pikel burns you.
* * * LOW HITPOINT WARNING * * *
You feel better. The lemure hits you!
* * * LOW HITPOINT WARNING * * *
Pikel closely misses you. You furiously retaliate!
You headbutt Pikel.
You feel better. The lemure barely misses you. Pikel closely misses you.
Fire: a) +2 arbalest (flame)
Press: ? - help, Q - select action, (/) - cycle Shift-Dir - straight line, f/p - Pikel
Aim: Pikel, wielding a +0 whip of flaming and wearing a +0 robe (heavily wounded, 58% to hit)
You shoot a bolt. The bolt closely misses Pikel.
The lemure barely misses you.
Pikel hits you with a +0 whip of flaming.
* * * LOW HITPOINT WARNING * * *
Pikel burns you.
* * * LOW HITPOINT WARNING * * *
Fire: a) +2 arbalest (flame)
Press: ? - help, Q - select action, (/) - cycle Shift-Dir - straight line, f/p - Pikel
Aim: Pikel, wielding a +0 whip of flaming and wearing a +0 robe (heavily wounded, 58% to hit)
You shoot a bolt. The bolt hits Pikel.
The bolt burns Pikel.
Pikel is severely wounded.
The lemure closely misses you.
Pikel hits you with a +0 whip of flaming!
* * * LOW HITPOINT WARNING * * *
Pikel burns you.
* * * LOW HITPOINT WARNING * * *
The lemure hits you.
* * * LOW HITPOINT WARNING * * *
Pikel misses you.
Read: 2 scrolls of butterflies
Press: ? - help, Q - select action, (/) - cycle Dir - look around, f - activate Look: Pikel, wielding a +0 whip of flaming and wearing a +0 robe (severely wounded)
As you read the scroll of butterflies, it crumbles to dust.
You hear the flapping of tiny wings.
The lemure is knocked back by the sudden gust. x2
Pikel is knocked back by the sudden gust.
Something misses your butterfly. The lemure hits you.
You die...
Your body crumbles into a pile of gold.

#..............#
..#............#
#............#.#
##.....>b......#
.......bb#.##...
##.#...#b#.# #.#
#.##.##b#.# .#
## #b#.# #@#


#b5bbbb♣ .bb#bKb5♣ # ###b bb#b+ # .b .b# ♣ # ### #.# # .. # #.# # # You could
see Pikel (ally target) and 2 lemures.

Vanquished Creatures
  A water moccasin (D:5)
  A black bear (D:6)
  2 centaurs (D:5)
  A lemure (D:6)
  4 wights (D:4)
  A howler monkey (D:5)
  4 hounds
  A jelly (D:5)
  A sleepcap (D:5)
  3 iguanas
  Robin (D:2)
  5 gnolls
  4 adders
  2 shadow imps
  A white imp (D:5)
  2 ufetubi
  2 dart slugs (D:5)
  6 orcs
  3 bats
  9 endoplasms
  A giant cockroach (D:2)
  10 goblins
  3 hobgoblins
  A jackal (D:5)
  6 kobolds
  3 quokkas
  3 ball pythons
  3 frilled lizards
  2 rats (D:2)
86 creatures vanquished.

Notes
Turn   | Place    | Note
-------+----------+-------------------------------------------
     0 | D:1      | Darkkill the Minotaur Hunter began the quest for the Orb.
     0 | D:1      | Reached XP level 1. HP: 18/18 MP: 0/0
   112 | D:1      | Reached skill level 1 in Stealth
   167 | D:1      | Reached XP level 2. HP: 25/25 MP: 1/1
   587 | D:2      | Reached XP level 3. HP: 31/31 MP: 2/2
   710 | D:2      | Noticed Robin
   719 | D:2      | Killed Robin
   831 | D:2      | Reached XP level 4. HP: 38/38 MP: 3/3
  1247 | D:3      | Found a shimmering blue altar of Sif Muna.
  1894 | D:3      | Identified a scroll of acquirement
  1894 | D:3      | Acquired 752 gold pieces
  1997 | D:4      | Reached skill level 5 in Ranged Weapons
  1997 | D:4      | Reached XP level 5. HP: 46/46 MP: 4/4
  2011 | D:4      | Found a white marble altar of Elyvilon.
  2108 | D:4      | Found a glowing silver altar of Zin.
  2145 | D:4      | Found a glowing golden altar of the Shining One.
  2157 | D:4      | Reached XP level 6. HP: 36/53 MP: 5/5
  2530 | D:4      | You fall into a shaft and drop 2 floors!
  2530 | D:6      | Found a staircase to the Ecumenical Temple.
  2542 | Temple   | Entered the Ecumenical Temple
  2554 | Temple   | Became a worshipper of Gozag Ym Sagoz the Greedy
  2588 | D:6      | Bought a +2 arbalest of flaming for 221 gold pieces
  2616 | D:6      | Noticed an ice beast
  2651 | D:5      | Entered Level 5 of the Dungeon
  2667 | D:5      | Noticed a water moccasin
  2671 | D:5      | Killed a water moccasin
  2696 | D:5      | Reached skill level 5 in Fighting
  2782 | D:4      | Found a sparkling altar of Nemelex Xobeh.
  2970 | D:4      | Found a runed translucent door.
  2971 | D:4      | Noticed Crazy Yiuf
  3153 | D:5      | Found Ekuuvi's Magic Scroll Emporium.
  3171 | D:5      | Bought a scroll of identify for 28 gold pieces
  3187 | D:5      | Reached XP level 7. HP: 60/61 MP: 6/6
  3312 | D:5      | Reached skill level 5 in Dodging
  3418 | D:5      | Found a snail-covered altar of Cheibriados.
  3623 | D:5      | Found Wuahyn's General Store.
  3645 | D:5      | Found Niunia's Jewellery Emporium.
  3760 | D:5      | Found Okozem's Armour Shop.
  3908 | D:6      | Reached XP level 8. HP: 62/70 MP: 7/7
  3929 | D:6      | Noticed Pikel
  3941 | D:6      | HP: 13/70 [Pikel/+0 whip of flaming (5)]
  3947 | D:6      | HP: 11/70 [Pikel/+0 whip of flaming (8)]
  3947 | D:6      | HP: 1/70 [lemure[Pikel] (6)]
  3948 | D:6      | Slain by a lemure

Illustrated notes

Levels and vault maps discovered:
D:1:      mrwooster_arrival_arrow, layout_rooms, kennysheep_boxes
D:2:      layout_rooms, serial_bayou_pond_d, uniq_robin
D:3:      layout_basic, led_sif_pool, serial_bayou_lake_a
D:4:      layout_cave_pods, good_gods_mini_temple, nemelex_dance_club_becter,
          uniq_crazy_yiuf_cottage
D:5:      minmay_chambers_of_threes, layout_loops_ring, kennysheep_slug_shrine,
          serial_shops, nicolae_shop_waterfront, shop,
          nicolae_shop_behind_doors, shop, minivault_14, nicolae_letterblocks
          [nicolae_letter_subblock, nicolae_letter_subblock,
          nicolae_letter_subblock, nicolae_letter_subblock,
          nicolae_letter_subblock, nicolae_letter_subblock,
          nicolae_letter_subblock, nicolae_letter_subblock,
          nicolae_letter_subblock, nicolae_letter_subblock,
          nicolae_letter_subblock, nicolae_letter_subblock,
          nicolae_letter_subblock, nicolae_letter_subblock,
          nicolae_letter_subblock, nicolae_letter_subblock,
          nicolae_letter_subblock, nicolae_letter_subblock,
          nicolae_letter_subblock, nicolae_letter_subblock,
          nicolae_letter_subblock, nicolae_letter_subblock,
          nicolae_letter_subblock, nicolae_letter_subblock,
          nicolae_letter_subblock]
D:6:      layout_loops_ring, lemuel_doored_altar,
          mainiacjoe_overflow_six_doors_small, minmay_temple_entry_glass,
          minivault_24, uniq_edmund, uniq_pikel, uniq_maggie
Temple:   minmay_temple_curvy_loop

Skill      XL: |  1  2  3  4  5  6  7 |
---------------+----------------------+-----
Stealth        | 1 2 3 4 |  4.2
Fighting       | 3 4 5 6 |  6.1
Dodging        | 3 4 5 |  5.5
Ranged Weapons | 5 6 |  6.7

Action                     |  1- 3 |  4- 6 |  7- 9 || total
---------------------------+-------+-------+-------++-------
   Fire: Shortbow          |    87 |    92 |       ||   179
         Arbalest          |       |    25 |    64 ||    89
 Invoke: Call Merchant     |       |     1 |       ||     1
    Use: Scroll            |     3 |     7 |     3 ||    13
         Potion            |       |       |     4 ||     4
 Armour: Leather armour    |    31 |    40 |    72 ||   143
  Dodge: Dodged            |    22 |    41 |    61 ||   124

Table legend: (Time is in decaauts)
 A = Elapsed time spent in this place.
 B = Non-inter-level travel time spent in this place.
 C = Inter-level travel time spent in this place.
 D = Time resting spent in this place.
 E = Time spent auto-exploring this place.
 F = Levels seen in this place.
 G = Mean time per level.
                   A        B        C        D        E       F      G
               +--------+--------+--------+--------+--------+-----+--------+
         Total |   4060 |   3869 |    191 |    100 |   3127 |   7 |  580.0 |
       Dungeon |   4029 |   3866 |    163 |    100 |   3127 |   6 |  671.5 |
        Temple |     30 |      2 |     28 |      0 |      0 |   1 |   30.0 |
               +--------+--------+--------+--------+--------+-----+--------+

Top non-repeatable levels by time:
     D:4: 1053 daAuts
     D:5: 871 daAuts
     D:3: 712 daAuts
     D:2: 649 daAuts
     D:1: 591 daAuts
     D:6: 151 daAuts
  Temple: 30 daAuts

Levels and vault maps discovered:
D:1:      mrwooster_arrival_arrow, layout_rooms, kennysheep_boxes
D:2:      layout_rooms, serial_bayou_pond_d, uniq_robin
D:3:      layout_basic, led_sif_pool, serial_bayou_lake_a
D:4:      layout_cave_pods, good_gods_mini_temple, nemelex_dance_club_becter,
          uniq_crazy_yiuf_cottage
D:5:      minmay_chambers_of_threes, layout_loops_ring, kennysheep_slug_shrine,
          serial_shops, nicolae_shop_waterfront, shop,
          nicolae_shop_behind_doors, shop, minivault_14, nicolae_letterblocks
          [nicolae_letter_subblock, nicolae_letter_subblock,
          nicolae_letter_subblock, nicolae_letter_subblock,
          nicolae_letter_subblock, nicolae_letter_subblock,
          nicolae_letter_subblock, nicolae_letter_subblock,
          nicolae_letter_subblock, nicolae_letter_subblock,
          nicolae_letter_subblock, nicolae_letter_subblock,
          nicolae_letter_subblock, nicolae_letter_subblock,
          nicolae_letter_subblock, nicolae_letter_subblock,
          nicolae_letter_subblock, nicolae_letter_subblock,
          nicolae_letter_subblock, nicolae_letter_subblock,
          nicolae_letter_subblock, nicolae_letter_subblock,
          nicolae_letter_subblock, nicolae_letter_subblock,
          nicolae_letter_subblock]
D:6:      layout_loops_ring, lemuel_doored_altar,
          mainiacjoe_overflow_six_doors_small, minmay_temple_entry_glass,
          minivault_24, uniq_edmund, uniq_pikel, uniq_maggie
Temple:   minmay_temple_curvy_loop

Table legend: (Time is in decaauts)
 A = Elapsed time spent in this place.
 B = Non-inter-level travel time spent in this place.
 C = Inter-level travel time spent in this place.
 D = Time resting spent in this place.
 E = Time spent auto-exploring this place.
 F = Levels seen in this place.
 G = Mean time per level.
                   A        B        C        D        E       F      G
               +--------+--------+--------+--------+--------+-----+--------+
         Total |   4060 |   3869 |    191 |    100 |   3127 |   7 |  580.0 |
       Dungeon |   4029 |   3866 |    163 |    100 |   3127 |   6 |  671.5 |
        Temple |     30 |      2 |     28 |      0 |      0 |   1 |   30.0 |
               +--------+--------+--------+--------+--------+-----+--------+

Top non-repeatable levels by time:
     D:4: 1053 daAuts
     D:5: 871 daAuts
     D:3: 712 daAuts
     D:2: 649 daAuts
     D:1: 591 daAuts
     D:6: 151 daAuts
  Temple: 30 daAuts

Table legend:
 A = Kills in this place as a percentage of kills in the entire game.
 B = Kills by you in this place as a percentage of kills by you in the entire game.
 C = Kills by friends in this place as a percentage of kills by friends in the entire game.
 D = Other kills in this place as a percentage of other kills in the entire game.
 E = Experience gained in this place as a percentage of experience gained in the entire game.
 F = Experience gained in this place divided by the number of levels of this place that you have seen.
                   A       B       C       D       E      F
               +-------+-------+-------+-------+-------+----------------------
         Total | 100.0 | 100.0 |   N/A |   N/A | 100.0 | 214.0
       Dungeon | 100.0 | 100.0 |   N/A |   N/A | 100.0 | 249.7
               +-------+-------+-------+-------+-------+----------------------
